 Dungeon Crawl Stone Soup version 0.31-a0-236-g9a0961fb85 (webtiles) character file.

Game seed: 15229125804931897076

219 qw the Shooter (level 5, -4/42 HPs)
             Began as a Minotaur Hexslinger on July 10, 2023.
             Slain by Grinder (5 damage)
             ... on level 3 of the Dungeon.
             The game lasted 00:00:34 (1582 turns).

qw the Shooter (Minotaur Hexslinger)                Turns: 1582, Time: 00:00:35

Health: -4/42      AC:  5    Str: 12    XL:     5   Next: 64%
Magic:  5/5        EV: 12    Int: 10    God:
Gold:   61         SH:  0    Dex: 15    Spells: 5/6 levels left

rFire   . . .        Y - +1 sling (freeze)
rCold   . . .        (no shield)
rNeg    . . .        e - +0 leather armour
rPois   .            (helmet restricted)
rElec   .            (no cloak)
rCorr   .            (no gloves)
SInv    .            g - +1 pair of boots
Will    .....        (no amulet)
Stlth   +            (no ring)
HPRegen 0.27/turn    (no ring)
MPRegen 0.09/turn

%: no passive effects
@: about to teleport
A: horns 2, retaliatory headbutt
a: no special abilities


You were on level 3 of the Dungeon.
You visited 1 branch of the dungeon, and saw 3 of its levels.

You collected 61 gold pieces.


Innate Abilities, Weirdness & Mutations

You have a pair of horns on your head.
You reflexively headbutt those who attack you in melee.


   Skills:
 + Level 2.3 Fighting
 - Level 6.2 Ranged Weapons
 - Level 2.1 Dodging
 - Level 1.0 Spellcasting
 - Level 2.0 Hexes


You had 5 spell levels left.
You knew the following spells:

 Your Spells              Type           Power      Damage    Failure   Level
a - Slow                  Hex            16%        N/A       19%         1

Your spell library contained the following spells:

 Spells                   Type           Power      Damage    Failure   Level
 Inner Flame              Hex/Fire       2%         N/A       65%         3
 Portal Projectile        Hex/Tloc       4%         N/A       65%         3
 Cause Fear               Hex            2%         N/A       88%         4

Inventory:

Hand Weapons
 Y - a +1 sling of freezing (weapon)
Armour
 e - a +0 leather armour (worn)
 g - a +1 pair of boots (worn)
Scrolls
 b - 3 scrolls of identify
Potions
 a - a potion of enlightenment {unknown}
 j - a potion of resistance {unknown}

Dungeon Overview and Level Annotations

Branches:
Dungeon (3/15)

Altars:

Annotations:
D:3 Grinder


Message History

You shoot a sling bullet. The sling bullet hits the ball python.
The sling bullet freezes the ball python.
You kill the ball python!
Grinder comes into view.
Found 2 viscous inky potions.
Grinder blinks!
Grinder moves out of view.
You see here 2 viscous inky potions.
Grinder is nearby!
You shoot a sling bullet. The sling bullet hits Grinder.
Grinder is lightly wounded.
You shoot a sling bullet. The sling bullet barely misses Grinder.
You shoot a sling bullet.
The sling bullet closely misses Grinder.
Grinder closely misses you.
You shoot a sling bullet. The sling bullet hits Grinder.
Grinder is moderately wounded.
Grinder gestures at you. You resist with significant effort.
You shoot a sling bullet. The sling bullet hits Grinder.
Grinder is moderately wounded.
Grinder hits you.
You writhe in agony.
You shoot a sling bullet.
The sling bullet hits Grinder but does no damage.
Grinder is moderately wounded.
Grinder hits you but does no damage.
You shoot a sling bullet. The sling bullet barely misses Grinder.
Grinder hits you!
You writhe in agony.
Grinder hits you but does no damage.
You shoot a sling bullet.
The sling bullet hits Grinder but does no damage.
Grinder is moderately wounded.
Grinder gestures at you. Pain shoots through your body!
You shoot a sling bullet.
The sling bullet closely misses Grinder.
Grinder gestures at you. Pain shoots through your body!
1582 ||| READING scroll of teleportation.
As you read the scroll of teleportation, it crumbles to dust.
You feel strangely unstable. Grinder hits you.
You writhe in agony.
You die...

#####~~~.# #.#
#~~..# #.# ##~~.##
#.# .##.. #.#
###...# #.# ~...
#.####### ..#
##........ #5#
#......... #@#
#.........
#.#######.########
#.........#
###########


You could see Grinder.

Vanquished Creatures
  Sigmund (D:2)
  3 adders (D:2)
  A worm (D:2)
  2 dart slugs
  A bat (D:1)
  4 endoplasms (D:1)
  A giant cockroach (D:1)
  3 goblins
  2 hobgoblins (D:2)
  2 kobolds (D:2)
  6 ball pythons
  3 frilled lizards (D:1)
  3 rats
32 creatures vanquished.

Notes
Turn   | Place    | Note
-------+----------+-------------------------------------------
     0 | D:1      | qw the Minotaur Hexslinger began the quest for the Orb.
     0 | D:1      | Reached XP level 1. HP: 16/16 MP: 1/1
     0 | D:1      | 0 ||| qw: Version: 0.3-a-52-g30416fa
     0 | D:1      | 0 ||| qw: Game counter: 4541
     0 | D:1      | 0 ||| qw: Melee chars always use a shield: true
     0 | D:1      | 0 ||| qw: God list: Okawaru
     0 | D:1      | 0 ||| qw: Allow faded altars: false
     0 | D:1      | 0 ||| qw: Do Orc after clearing Dungeon:15 true
     0 | D:1      | 0 ||| qw: Do second Lair branch before Depths: true
     0 | D:1      | 0 ||| qw: Lair rune preference: random
     0 | D:1      | 0 ||| qw: Goals: Normal
     0 | D:1      | 0 ||| PLANNING D:1-11
   221 | D:1      | Reached skill level 3 in Ranged Weapons
   289 | D:1      | Reached XP level 2. HP: 23/23 MP: 2/2
   331 | D:1      | 331 ||| FLEEEEING.
   332 | D:1      | 332 ||| FLEEEEING.
   333 | D:1      | 333 ||| FLEEEEING.
   334 | D:1      | 334 ||| FLEEEEING.
   335 | D:1      | 335 ||| FLEEEEING.
   336 | D:1      | 336 ||| FLEEEEING.
   337 | D:1      | 337 ||| FLEEEEING.
   338 | D:1      | 338 ||| FLEEEEING.
   339 | D:1      | 339 ||| FLEEEEING.
   705 | D:1      | 705 ||| UPGRADING to +0 leather armour.
   715 | D:1      | 715 ||| DROPPING +0 robe.
   716 | D:1      | 716 ||| UPGRADING to +0 pair of boots.
   721 | D:1      | 721 ||| DROPPING ring of wizardry.
   722 | D:1      | 722 ||| READING scroll labelled PEUDUI RUTOPP.
   723 | D:1      | 723 ||| READING 2 scrolls labelled EDIDUF ATSY.
   724 | D:1      | 724 ||| READING scroll labelled WIYDYO YSOETETT.
   725 | D:1      | 725 ||| READING scroll labelled XEVITUWOTT.
   726 | D:1      | 726 ||| READING scroll labelled JAFEUD HOURIFUSA.
   727 | D:1      | 727 ||| READING scroll labelled FUVIF TAOSEO.
   731 | D:1      | 731 ||| DROPPING scroll of poison.
   732 | D:1      | 732 ||| DROPPING scroll of immolation.
   792 | D:2      | Reached XP level 3. HP: 29/29 MP: 3/3
   938 | D:2      | Reached skill level 4 in Ranged Weapons
  1040 | D:2      | Noticed Sigmund
  1054 | D:2      | Killed Sigmund
  1055 | D:2      | Reached skill level 6 in Ranged Weapons
  1055 | D:2      | Reached XP level 4. HP: 30/36 MP: 4/4
  1055 | D:2      | Reached XP level 5. HP: 34/41 MP: 5/5
  1169 | D:2      | 1169 ||| READING scroll of enchant armour.
  1169 | D:2      | 1169 ||| ENCHANTING +0 pair of boots.
  1569 | D:3      | Noticed Grinder
  1581 | D:3      | HP: 3/42 [Grinder/nerve-wracking pain (10)]
  1582 | D:3      | 1582 ||| READING scroll of teleportation.
  1582 | D:3      | HP: 1/42 [Grinder (2)]
  1582 | D:3      | Slain by Grinder

Levels and vault maps discovered:
D:1:      lemuel_arrival_lava_pool, layout_basic, hangedman_abyss_or_decor_stabs
D:2:      layout_basic, uniq_sigmund
D:3:      layout_loops_ring, grunt_decor_junction, uniq_grinder

Skill      XL: |  1  2  3 |
---------------+----------+-----
Ranged Weapons | 3 6 |  6.2
Fighting       | 2 |  2.3
Dodging        | |  2.1
Spellcasting   | |  1.0
Hexes          | |  2.0

Action                     |  1- 3 |  4- 6 || total
---------------------------+-------+-------++-------
   Fire: Sling             |    81 |    17 ||    98
    Use: Scroll            |     6 |     2 ||     8
 Armour: Robe              |     3 |       ||     3
         Leather armour    |       |     2 ||     2
  Dodge: Dodged            |    22 |     1 ||    23

Table legend:
 A = Non-vault XP
 B = Vault XP
 C = Vault XP percentage of total XP
 D = Non-vault monster count
 E = Vault monster count
 F = Vault count percentage of total count
                 A         B        C        D         E       F
            +---------+---------+-------+---------+---------+-------
      Total |      91 |     223 |  71.0 |      31 |       1 |   3.1
            +---------+---------+-------+---------+---------+-------
        D:1 |      27 |       0 |   0.0 |      16 |       0 |   0.0
        D:2 |      63 |     223 |  78.0 |      14 |       1 |   6.7
        D:3 |       1 |       0 |   0.0 |       1 |       0 |   0.0
            +---------+---------+-------+---------+---------+-------
